AoeStats
← TM Caesar

Arena

507846597Analyzed
1v1 RM · 14d ago on Sep 19, 2026· 38m 3s· 2 players
Game mode
Random Map
Map size
Tiny (2 player)
Population
200
Speed
Normal
Resources
Standard
Victory
Conquest
Starting age
Dark Age
Ending age
Imperial Age
RankedLock teamsTeams togetherTeam positionsShared explorationLock speedFull tech treeHidden civsTurbo modeCheats
Victory
Defeat
🇩🇪 Italians · Germany
1771
+11
🇦🇷 Aztecs · Argentina
1670
-11
TM Caesar
10:22 Feudal Age
14:28 Castle Age
12:51 Double-Bit Axe
13:12 Horse Collar
15:21 Squires
16:14 Scale Mail Armor
17:59 Sanctity
19:32 Fervor
20:28 Bow Saw
21:59 Wheelbarrow
22:07 Chain Mail Armor
21:40 Loom
22:19 Town Watch
24:28 Redemption
24:37 Hand Cart
29:57 Imperial Age
28:53 Fletching
28:48 Eagle Warrior
30:30 Forging
31:10 Plate Mail Armor
31:00 Gold Mining
35:09 Block Printing
Sultan Mehmet
11:31 Feudal Age
15:18 Castle Age
13:07 Double-Bit Axe
13:04 Horse Collar
13:23 Stone Mining
13:43 Gold Mining
14:19 Loom
16:08 Bow Saw
16:10 Fletching
20:10 Bodkin Arrow
21:56 Padded Archer Armor
28:49 Imperial Age
28:57 Ballistics
30:36 Chemistry
31:08 Conscription
30:52 Bracer
Connection lost

Rejoining the realm…

Still unreachable

The connection could not be restored.

Session expired

The server has moved on; the page needs a fresh start.